amy, neutral female human Ranger ----- |.......---- ---------- -------- ------ |..........| ##.........--- .......| -....-# #-..........| # |..........| |...<..| |....|# #|..........| ### |..........| --|----- #-....|# #|..........| # |..........| # ###### ###|...*|# #--- .......| # |..........| # # # |....|# # ----.-- # ---.........########)##)####### ---.--# # # # ---------- # # # # # # # # ### ### # # # # # # # # # ### # # ###### # # # # # ## # # % ---|-# # ### # ------ ----|---#########.*..|# -.-------# - -------.---- # |..*.| |......-# |.@`-# |........# |............| ###|....| |......|# |I..| |.......| |.......{....| #-....| |.....). --+-- .........#[ |............| ------ -------- --------- -------------- amy the Reconnoiteress Experience level: 10 Strength: 18/03 Dexterity: 17 Constitution: 17 Intelligence: 17 Wisdom: 13 Charisma: 8 Health: 0(84) Energy: 48(48) Def: 13 Gold: 1878 Moves: 21141 Dungeon seed: B1FoWlSiDE0JnqnY Game ID: amy_1466151772 Your Inventory: Coins $ - 1878 gold pieces Amulets K - an uncursed amulet of reflection (being worn) Weapons a - a blessed +1 dagger b - an uncursed +2 bow (weapon in hand) c - 28 uncursed +2 arrows (in quiver) j - 16 uncursed +0 daggers n - 150 uncursed +1 arrows o - 3 blessed +0 arrows p - 7 blessed +0 arrows x - 58 uncursed +0 arrows H - 6 uncursed +1 elven arrows I - an uncursed corroded +1 arrow R - 16 uncursed +0 elven arrows T - 43 uncursed +0 arrows X - 13 uncursed +0 elven arrows Armor e - an uncursed +2 cloak of displacement (being worn) q - an uncursed +0 pair of leather gloves r - an uncursed +0 pair of high boots named ok (being worn) v - an uncursed +2 dwarvish mithril-coat (being worn) N - an uncursed +0 dwarvish iron helm Comestibles h - 2 uncursed tripe rations m - 2 uncursed eggs t - an uncursed fortune cookie B - 2 uncursed food rations D - an uncursed lizard corpse Q - an uncursed banana S - an uncursed tin of scorpion meat Scrolls C - 2 uncursed scrolls of teleportation U - a cursed scroll of confuse monster Rings f - an uncursed ring of shock resistance (on left hand) s - an uncursed ring of polymorph control A - an uncursed ring of conflict named ok M - an uncursed ring of teleport control (on right hand) O - an uncursed +1 ring of protection Wands g - an uncursed wand of slow monster (0:0) i - an uncursed wand of sleep (0:3) k - an uncursed wand of slow monster (0:6) l - an uncursed wand of create monster (0:12) u - an uncursed wand of undead turning (0:3) F - an uncursed wand of striking (0:6) G - an uncursed wand of cancellation (0:7) L - an uncursed wand of cancellation (0:8) P - an uncursed wand of enlightenment (0:1) Tools d - an uncursed towel w - an uncursed sack named ok y - an uncursed oil lamp (0:95) E - an uncursed skeleton key J - a cursed partly used wax candle (0:233) V - an uncursed bag of holding named ok W - 5 uncursed partly used tallow candles (0:93) Y - a cursed partly used tallow candle (0:93) Z - an uncursed +0 unicorn horn Contents of the sack named ok: an uncursed +0 worm tooth 2 uncursed scrolls of gold detection an uncursed scroll of light 2 cursed scrolls of light Contents of the bag of holding named ok: an uncursed scroll of create monster 2 uncursed scrolls of destroy armor a cursed scroll of destroy armor an uncursed scroll of enchant armor an uncursed scroll of fire an uncursed scroll of remove curse an uncursed potion of blindness an uncursed potion of extra healing an uncursed potion of fruit juice an uncursed potion of full healing an uncursed potion of invisibility an uncursed potion of monster detection an uncursed potion of oil a cursed potion of paralysis an uncursed potion of sickness named ok an uncursed potion of sleeping an uncursed ring of fire resistance a cursed ring of polymorph Spells and supernatural/magical abilities: Name Level Category Fail Memory W - pray for help -- divine ? -- Your skills at the end: Miscellaneous Skills wands [Basic] Weapon Skills dagger [Basic] bow [Expert] Spellcasting Skills Final Attributes: You were nominally aligned. You were shock resistant. You were poison resistant. You were telepathic. You had automatic searching. You were displaced. You were stealthy. You could teleport. You had teleport control. You were fast. You had reflection. You were lucky. You are dead. Vanquished creatures: a baby red dragon a queen bee a giant mimic a flesh golem 4 large mimics a wumpus a long worm a giant zombie a warg a small mimic a xan an ettin mummy 2 sasquatches a pyrolisk 2 flaming spheres a shocking sphere a tiger a gargoyle a dwarf king 5 tengu 3 chameleons 3 leocrottas 4 giants a cockatrice 2 wolves 2 lynxes 2 panthers 2 leprechauns 2 quivering blobs 2 spotted jellies 7 lizards an orc-captain 2 mumakil 2 giant spiders a scorpion 2 iron piercers 2 horses 2 ice vortices a black light 2 gnome kings an orc mummy a dwarf mummy 2 ogres a brown pudding an owlbear 3 yetis a gold golem 3 Green-elves a chickatrice a dog 4 dingos a housecat a jaguar a dwarf lord 2 blue jellies a water nymph a white unicorn 2 dust vortices a raven 2 plains centaurs a gnome mummy 3 snakes 5 human zombies 3 rope golems 4 Woodland-elves 2 soldier ants a fire ant 2 bugbears 3 imps a baby crocodile a wood nymph 9 Mordor orcs an Uruk-hai 16 orc shamans a rock mole 4 rock piercers 2 ponies a fog cloud a yellow light 2 shriekers a violet fungus 20 gnome lords 6 gnomish wizards 2 kobold mummies 2 guardian naga hatchlings 3 gray oozes 4 elf zombies a ghoul 2 straw golems a paper golem 5 giant ants 5 little dogs 2 floating eyes 2 kittens 19 dwarves 7 homunculi a kobold lord 2 kobold shamans 3 iguanas 14 hill orcs a rothe 2 rabid rats a centipede an orc zombie 4 dwarf zombies 2 wererats 20 killer bees 3 coyotes 2 gas spores 10 hobbits 2 large kobolds 8 geckos 6 hobgoblins 7 giant rats 2 cave spiders 5 yellow molds a green mold 66 gnomes 8 garter snakes 15 manes 2 gnome zombies 10 jackals 8 foxes 6 kobolds 3 newts 10 goblins 2 sewer rats 3 grid bugs 4 bats 13 lichens 6 kobold zombies 503 creatures vanquished. Genocided species: liches demiliches master liches arch-liches 4 species genocided. Voluntary challenges: You used a wielded weapon 166 times, starting on turn 117. You did not apply a unicorn horn. You read items or engraved 23 times, starting on turn 402. You genocided 4 types of monsters, starting on turn 403. You never polymorphed an object. You never changed form. You cheated 8 times but completed Sokoban on turn 19494. You used no wishes. You never split a pudding. You wrote Elbereth's name 5 times, starting on turn 1332. You violated your moral code, losing 15 points of alignment, starting on turn 3434. Dungeon overview: The Dungeons of Doom: levels 1 to 14 Level 1 a fountain a long staircase Level 2 a scroll shop Level 3 a general store, an altar to Mars, some fountains Level 4 a general store, a fountain stairs to The Gnomish Mines Level 5 many fountains Level 6 some fountains stairs to Sokoban Level 7 Level 8 Level 9 some fountains Level 10 some fountains Level 11 a fountain Level 12 Level 13 <- You were here a fountain Level 14 The Gnomish Mines: levels 5 to 13 Level 5 stairs to The Dungeons of Doom Level 6 Level 7 many shops, a temple to Venus, a magic chest, some fountains, some trees Level 8 Level 9 Level 10 Level 11 Level 12 Level 13 many altars to Moloch, a magic chest, some fountains Sokoban: levels 2 to 5 Level 2 a magic chest Level 3 Level 4 Level 5 a magic chest stairs to The Dungeons of Doom History has recorded: On T:1 you entered the Dungeons of Doom to retrieve the Amulet of Yendor! On T:293 you reached level 2 of The Dungeons of Doom. On T:496 you reached level 4 of The Dungeons of Doom. On T:649 you reached level 3 of The Dungeons of Doom. On T:1144 you advanced to experience level 2. On T:1489 you reached level 1 of The Gnomish Mines. On T:1776 you advanced to experience level 3. On T:1901 you advanced to experience level 4. On T:1985 you reached level 2 of The Gnomish Mines. On T:2006 you advanced to experience level 5. On T:2020 you reached level 3 of The Gnomish Mines. On T:2143 you entered the Minetown temple On T:2169 you opened a magic chest. On T:2170 you opened a magic chest. On T:2171 you opened a magic chest. On T:2171 you opened a magic chest. On T:2271 you advanced to experience level 6. On T:2311 you opened a magic chest. On T:2449 you reached level 4 of The Gnomish Mines. On T:2551 you advanced to experience level 7. On T:2647 you reached level 5 of The Gnomish Mines. On T:2948 you reached level 6 of The Gnomish Mines. On T:3329 you advanced to experience level 8. On T:3334 you reached level 7 of The Gnomish Mines. On T:3656 you reached level 8 of The Gnomish Mines. On T:3815 you reached level 9 of The Gnomish Mines. On T:3815 you reached the bottom of the Mines. On T:4068 you opened a magic chest. On T:5515 you reached level 5 of The Dungeons of Doom. On T:5631 you received advice from The Oracle. On T:5631 you advanced to experience level 9. On T:5917 you reached level 6 of The Dungeons of Doom. On T:6020 you reached level 4 of Sokoban. On T:6087 you opened a magic chest. On T:6380 you reached level 3 of Sokoban. On T:6900 you reached level 7 of The Dungeons of Doom. On T:7077 you reached level 8 of The Dungeons of Doom. On T:7454 you reached level 9 of The Dungeons of Doom. On T:7760 you reached level 10 of The Dungeons of Doom. On T:8038 you reached level 11 of The Dungeons of Doom. On T:9171 you reached level 2 of Sokoban. On T:11188 you opened a magic chest. On T:11189 you opened a magic chest. On T:12555 you reached level 12 of The Dungeons of Doom. On T:12935 you advanced to experience level 10. On T:15793 you opened a magic chest. On T:16798 you reached level 1 of Sokoban. On T:19494 you entered the Sokoban zoo. On T:20550 you reached level 13 of The Dungeons of Doom. On T:21085 you reached level 14 of The Dungeons of Doom. Score breakdown: Gold: 1878 ( 187 points) Experience: 10 levels ( 900 points) Exploration: 14 levels ( 390 points) Discoveries: 51 items ( 2000 points) Variety of kills: 131 monsters ( 2000 points) Major goal: Sokoban/Mines ( 1500 points) Survival: died (score multiplied by 3) Total score: 20931 Latest messages: Something claws you! The flaming sphere explodes! You duck some of the blast. Something claws you! It eats a giant corpse. The paper golem claws you! You hear some noises in the distance. You shoot 4 arrows. The 1st arrow hits the paper golem! The 2nd arrow hits the paper golem! The 3rd arrow hits something! You destroy the paper golem! Something claws you! The flaming sphere explodes at a spot in thin air! Never mind. Never mind. You begin praying to Venus. You are surrounded by a shimmering light. You feel something move nearby. (3x) You feel that Venus is satisfied. You see here a leocrotta corpse. Something claws you! You die... Final status: Goodbye amy the Ranger, killed by an invisible stalker... You died in The Dungeons of Doom on dungeon level 13 with 20931 points, and 1878 pieces of gold, after 21141 moves. You were level 10 with a maximum of 84 hit points when you died.